 Dungeon Crawl Stone Soup version 0.29.0-15-g675c0067aa (webtiles) character file.

Game seed: 8870552076241693293

2 qw the Sneak (level 1, -3/14 HPs)
             Began as a Gargoyle Delver on Sept 11, 2022.
             Slain by a necrophage (5 damage)
             ... on level 4 of the Dungeon.
             The game lasted 00:00:01 (74 turns).

qw the Sneak (Gargoyle Delver)                        Turns: 74, Time: 00:00:02

Health: -3/14      AC:  5    Str: 15    XL:     1   Next: 40%
Magic:  1/1        EV: 11    Int: 10    God:
Gold:   0          SH:  0    Dex: 11    Spells: 0/0 levels left

rFire   . . .      SeeInvis .   a - +0 hand axe
rCold   . . .      Faith    .   (no shield)
rNeg    + . .      Spirit   .   b - +0 leather armour
rPois   inf        Reflect  .   (no helmet)
rElec   +          Harm     .   (no cloak)
rCorr   .          Rampage  .   (no gloves)
Will    .....                   (no boots)
Stlth   +++.......              (no amulet)
HPRegen 0.04/turn               (no ring)
MPRegen 0.07/turn               (no ring)

@: no status effects
A: sickness immunity, AC +2, negative energy resistance 1, electricity
resistance, torment resistance 1, petrification resistance
a: no special abilities


You were on level 4 of the Dungeon.
You visited 1 branch of the dungeon, and saw 2 of its levels.


Innate Abilities, Weirdness & Mutations

You are immune to sickness and miasma.
Your stone body is resilient. (AC +2)
You are immune to poison.
You resist negative energy. (rN+)
You are resistant to electric shocks. (rElec)
You are resistant to unholy torment.
You are immune to petrification.


   Skills:
 - Level 3.2 Fighting
 + Level 2.0 Axes
 - Level 1.5 Dodging
 - Level 5.4 Stealth


You couldn't memorise any spells.
You didn't know any spells.
Your spell library was empty.

Inventory:

Hand Weapons
 a - a +0 hand axe (weapon)
Armour
 b - a +0 leather armour (worn)
Wands
 g - a wand of digging (3)
Potions
 f - a potion of haste

Dungeon Overview and Level Annotations

Branches:
Dungeon (5/15)
 Temple: D:4-7

Altars:


Message History

Found a chain mail.
Found 4 stones.
There is a stone staircase leading up here.
You climb upwards.
There is a stone staircase leading down here.
A dart slug is nearby!
Existing waypoints: (2) D:5 Assign waypoint to what number? (0-9, D - delete waypoint) Waypoint 1 assigned to D:4.
The helpless dart slug fails to defend itself.
You hit the dart slug.
The dart slug is lightly wounded.
You hit the dart slug.
The dart slug is severely wounded.
The dart slug closely misses you.
You hit the dart slug.
The dart slug is almost dead.
The dart slug launches a dart at you. The slug dart hits you.
You hit the dart slug.
You kill the dart slug!
Your Axes skill increases to level 2!
You start resting.
A necrophage comes into view.
You completely miss the necrophage. The necrophage hits you.
The necrophage misses you.
You hit the necrophage.
The necrophage is lightly damaged.
The necrophage barely misses you.
You hit the necrophage.
The necrophage is moderately damaged.
The necrophage hits you.
You closely miss the necrophage.
The necrophage is moderately damaged.
The necrophage hits you.
You barely miss the necrophage.
The necrophage is moderately damaged.
The necrophage hits you.
You die...

# # #. #####..
##.##.....##
#...........
#...@n......
.....##...####^
.}. #...# .
#.#.# #.#.#
#...^ #.# #.
#.. ..


You could see a necrophage.

Vanquished Creatures
  A dart slug (D:4)
1 creature vanquished.

Notes
Turn   | Place    | Note
-------+----------+-------------------------------------------
     0 | D:5      | qw the Gargoyle Delver began the quest for the Orb.
     0 | D:5      | Reached XP level 1. HP: 14/14 MP: 1/1
     0 | D:5      | 0 ||| qw: Version: 0.1-a-118-gb4e7ce6
     0 | D:5      | 0 ||| qw: Game counter: 10296
     0 | D:5      | 0 ||| qw: Always use a shield: true
     0 | D:5      | 0 ||| qw: God list: Okawaru
     0 | D:5      | 0 ||| qw: Allow faded altars: false
     0 | D:5      | 0 ||| qw: Do Orc after D:15 true
     0 | D:5      | 0 ||| qw: Do second Lair branch before Depths: true
     0 | D:5      | 0 ||| qw: Lair rune preference: random
     0 | D:5      | 0 ||| qw: Plans: Normal
     0 | D:5      | 0 ||| PLANNING D:1-11
     0 | D:5      | 0 ||| DROPPING scroll of fog.
     1 | D:5      | 1 ||| DROPPING scroll of magic mapping.
     2 | D:5      | 2 ||| DROPPING scroll of fear.
    59 | D:4      | Noticed a necrophage
    73 | D:4      | HP: 2/14 [necrophage (5)]
    74 | D:4      | Slain by a necrophage

Levels and vault maps discovered:
D:4:      layout_basic, kennysheep_mini, lemuel_tele_altar,
          amcnicky_altar_gilded, serial_shops, nicolae_shop_advertising_works
          [nicolae_subvault_shop_adworks], nicolae_elevator_lobby_asterisk,
          uniq_eustachio
D:5:      layout_basic, elyvilon_altar_1, nicolae_qazlal_eye_of_the_storm,
          jmf_multi_god_temple, minmay_temple_entry_fiery

Skill      XL: |  1 |
---------------+----+-----
Axes           | 2 |  2.0
Fighting       | |  3.2
Dodging        | |  1.5
Stealth        | |  5.4

Action                   || total
-------------------------++-------
Melee: Hand axe          ||     9
 Stab: Sleeping          ||     1
Dodge: Dodged            ||     3

Table legend:
 A = Non-vault XP
 B = Vault XP
 C = Vault XP percentage of total XP
 D = Non-vault monster count
 E = Vault monster count
 F = Vault count percentage of total count
                 A         B        C        D         E       F
            +---------+---------+-------+---------+---------+-------
      Total |       4 |       0 |   0.0 |       1 |       0 |   0.0
            +---------+---------+-------+---------+---------+-------
        D:4 |       4 |       0 |   0.0 |       1 |       0 |   0.0
            +---------+---------+-------+---------+---------+-------
